 Dungeon Crawl Stone Soup version 0.28.0 (webtiles) character file.

Game seed: 7315606786798990528

37716 browni3141 the Fighter (level 13, 0/122 HPs)
             Began as a Minotaur Berserker on Feb 10, 2022.
             Was an Elder of Trog.
             Shot with an arrow by Nessos (1 damage)
             ... on level 5 of the Lair of Beasts.
             The game lasted 00:12:13 (20269 turns).

browni3141 the Fighter (Minotaur Berserker)        Turns: 20269, Time: 00:12:14

Health: 0/122      AC: 25    Str: 25    XL:     13   Next: 59%
Magic:  12/12      EV:  8    Int:  4    God:    Trog [****..]
Gold:   888        SH: 11    Dex: 12    Spells: 12/12 levels left

rFire   . . .      SeeInvis .   t - +0 war axe
rCold   . . .      Faith    +   N - +0 kite shield
rNeg    . . .      Spirit   .   z - +0 crystal plate armour
rPois   .          Reflect  .   (helmet restricted)
rElec   .          Harm     .   (no cloak)
rCorr   .          Rampage  .   M - +0 pair of gloves
Will    +++..      Rage     1%  G - +0 pair of boots
Stlth   ..........              y - amulet of faith
HPRegen 1.30/turn               j - ring of willpower
MPRegen 0.13/turn               (no ring)

@: lethally poisoned (0 -> -20), strong-willed, regenerating
A: horns 2, retaliatory headbutt, berserk 1, deterioration 1
a: Renounce Religion, Berserk, Trog's Hand, Brothers in Arms


You were on level 5 of the Lair of Beasts.
You worshipped Trog.
Trog was greatly pleased with you.
You visited 3 branches of the dungeon, and saw 18 of its levels.

You collected 888 gold pieces.

Inventory:

Hand Weapons
 t - a +0 war axe (weapon)
Missiles
 a - 3 throwing nets
 T - 6 curare-tipped darts (quivered)
Armour
 z - a +0 crystal plate armour (worn)
 G - a +0 pair of boots (worn)
 M - a +0 pair of gloves (worn)
 N - a +0 kite shield (worn)
Jewellery
 b - a ring of fire
 j - a ring of willpower (left hand)
 w - a ring of willpower
 y - an amulet of faith (around neck)
 A - an amulet of regeneration
 D - a ring of willpower
 P - a ring of ice
 V - an amulet of reflection
 W - a ring of positive energy
 Y - a ring of poison resistance
Wands
 J - a wand of iceblast (10)
 U - a wand of charming (10)
 X - a wand of flame (10)
Scrolls
 c - a scroll of summoning {unknown}
 d - 14 scrolls of identify {unknown}
 e - 2 scrolls of magic mapping {unknown}
 i - 3 scrolls of noise {unknown}
 m - 7 scrolls of teleportation {unknown}
 o - 5 scrolls of immolation {unknown}
 p - 3 scrolls of blinking {unknown}
 q - 3 scrolls of silence {unknown}
 r - 3 scrolls of enchant weapon {unknown}
 u - 2 scrolls of brand weapon {unknown}
 v - 3 scrolls of holy word {unknown}
 C - 4 scrolls of vulnerability {unknown}
 H - 3 scrolls of amnesia {unknown}
 O - a scroll of fog {unknown}
 Q - 2 scrolls of fear {unknown}
 S - a scroll of acquirement {unknown}
Potions
 f - 6 potions of mutation
 h - 3 potions of attraction
 k - 2 potions of resistance {unknown}
 l - 4 potions of heal wounds {unknown}
 n - 2 potions of curing {unknown}
 s - 3 potions of magic {unknown}
 x - a potion of invisibility {unknown}
 E - a potion of ambrosia {unknown}
 F - 2 potions of haste {unknown}
 I - 3 potions of flight {unknown}
 K - 5 potions of might {unknown}
 L - a potion of brilliance {unknown}
 R - 3 potions of berserk rage {unknown}
 Z - a potion of cancellation {unknown}


   Skills:
 + Level 13.4 Fighting
 + Level 13.3 Axes
 + Level 13.1 Armour
 + Level 12.1 Dodging
 * Level 11.9 Shields


You had 12 spell levels left.
You didn't know any spells.
Your spell library was empty.

Dungeon Overview and Level Annotations

Branches:
Dungeon (12/15)            Temple (1/1) D:5            Lair (5/6) D:9
 Shoals (0/4) Lair:2        Snake (0/4) Lair:4        Slime (0/5) Lair:5
    Orc: D:9-12

Altars:
Xom

Shops:
D:1 ?   D:5 [   D:7 *   D:9 *   D:10 :

Annotations:
D:11 1 runed translucent door, fragbeetle's ghost, journeyman HOFi
Lair:2 3 runed translucent doors, Clumpoid's ghost, journeyman GnFi; Jase's ghost, journeyman DjGl; hito's ghost, journeyman DsGl
Lair:5 Nessos


Innate Abilities, Weirdness & Mutations

You have a pair of horns on your head.
You reflexively headbutt those who attack you in melee.
You tend to lose your temper in combat.
Your body sometimes deteriorates upon taking damage.


Message History

It bursts into flame!
Nessos shoots an arrow.
The arrow hits you! The arrow burns you.
Nessos mumbles some strange words.
Nessos blinks!
Nessos shoots an arrow.
The arrow hits you!! The arrow burns you.
You are poisoned.
You feel very sick.
Nessos shoots an arrow.
The arrow hits you!! The arrow burns you!
You feel very sick.
Nessos shoots an arrow.
You block the arrow.
Your two-headed ogre goes berserk!
Trog will no longer gift you weapons.
You feel very sick.
Nessos shoots an arrow.
The arrow hits you! The arrow burns you.
You are more poisoned.
* * * LOW HITPOINT WARNING * * *
Nessos shoots an arrow.
The arrow hits you.
* * * LOW HITPOINT WARNING * * *
The arrow burns you.
* * * LOW HITPOINT WARNING * * *
Unknown command.
Your skin crawls.
You feel strong-willed.
You feel very sick.
Nessos shoots an arrow.
The arrow hits you!
* * * LOW HITPOINT WARNING * * *
The arrow burns you.
* * * LOW HITPOINT WARNING * * *
Nessos mumbles some strange words.
Nessos blinks!
Unknown command.
It was a potion of mutation.
You feel extremely strange.
You feel yourself wasting away.
You feel a little pissed off.
* * * LOW HITPOINT WARNING * * *
You feel very sick.
Nessos shoots an arrow.
The arrow hits you.
* * * LOW HITPOINT WARNING * * *
The arrow burns you.
You are more poisoned.
You die...

.........)..# ...
............##...
.(.P#††.....#....
P..##.........[.. P.
#......<...#. #
##.#.....### ##.....##
... #.?O.## ##....
#.@...###### #..+#.
.##+##..c#...###.....
#......§...P#........
..+.........P#..P.....
#.....c...'..[.P....
#...........†.......
#..........#..#.<...
#..#...###.##.#..##..
#..# ###....#
#########.##


You could see Nessos (fast, ally target) and a friendly two-headed ogre
(summoned, berserk).

Vanquished Creatures
  Rupert (Lair:4)
  A boulder beetle (D:11)
  A catoblepas (Lair:4)
  A centaur warrior (D:11)
  A two-headed ogre (D:9)
  Sonja (Lair:5)
  A lindwurm (Lair:4)
  A manticore (D:11)
  A merfolk siren (Lair:2)
  3 elephants (Lair:1)
  5 cane toads
  5 black mambas
  3 rime drakes
  An unseen horror (D:11)
  8 komodo dragons
  A troll (D:8)
  A polar bear (Lair:1)
  A hornet (D:9)
  A slime creature (D:12)
  9 blink frogs
  Sigmund (D:4)
  A shadow (D:10)
  5 wraiths
  2 wyverns
  51 yaks
  4 vampire mosquitoes (D:11)
  8 basilisks
  A steam dragon (Lair:2)
  3 wargs (D:9)
  Menkaure (D:6)
  2 acid dragons
  15 water moccasins
  A black bear (D:5)
  2 ice beasts
  3 orc warriors
  A sky beast (D:7)
  7 necrophages
  17 wolves
  6 centaurs
  An ogre (D:6)
  A kobold brigand (D:6)
  2 phantoms
  Blork the orc (D:6)
  4 gnoll sergeants
  9 bullfrogs
  A scorpion (D:6)
  2 wyvern skeletons
  A water moccasin skeleton (D:5)
  7 killer bees (D:9)
  2 electric eels (D:6)
  12 wights
  3 howler monkeys
  9 centaur zombies
  2 jellies
  4 hounds
  3 gnoll shamans
  9 orc priests
  A bullfrog skeleton (D:6)
  A centaur skeleton (D:6)
  2 iguanas
  Terence (D:2)
  3 orc wizards
  A killer bee zombie (D:7)
  A hound zombie (D:5)
  A mummy (D:8)
  A howler monkey zombie (D:9)
  Robin (D:2)
  6 adders
  28 gnolls
  2 river rats (D:6)
  A shadow imp (D:4)
  An ufetubus (D:6)
  An adder zombie (D:5)
  2 worms
  A dart slug (D:5)
  17 orcs
  8 ball pythons
  5 endoplasms
  4 giant cockroaches
  15 goblins
  10 hobgoblins
  2 jackals (D:9)
  4 bats
  3 frilled lizards
  6 kobolds
  A quokka skeleton (D:3)
  5 rats
386 creatures vanquished.

Vanquished Creatures (collateral kills)
  3 hydras
  A cane toad (Lair:2)
  2 yaks (Lair:2)
  An acid dragon (D:11)
7 creatures vanquished.

Vanquished Creatures (others)
  12 fungi
  100 plants
112 creatures vanquished.

Grand Total: 505 creatures vanquished

Notes
Turn   | Place    | Note
-------+----------+-------------------------------------------
     0 | D:1      | browni3141 the Minotaur Berserker began the quest for the
                  | Orb.
     0 | D:1      | Reached XP level 1. HP: 19/19 MP: 0/0
    86 | D:1      | Found a faded altar of an unknown god.
   332 | D:1      | Reached XP level 2. HP: 24/27 MP: 1/1
   589 | D:1      | Found Huefyof's Magic Scroll Emporium.
  1268 | D:2      | Noticed Robin
  1279 | D:2      | Reached XP level 3. HP: 33/33 MP: 2/2
  1289 | D:2      | Killed Robin
  1797 | D:2      | Identified the +2 robe of the Armoured One {+Inv rN++}
  1797 | D:2      | Noticed Terence
  1811 | D:2      | Killed Terence
  1812 | D:2      | Reached XP level 4. HP: 24/41 MP: 3/3
  2009 | D:2      | Reached ** piety under Trog
  2567 | D:3      | Noticed an ice beast
  2576 | D:3      | Killed an ice beast
  2577 | D:3      | Reached XP level 5. HP: 47/47 MP: 4/4
  2726 | D:3      | Reached skill level 5 in Axes
  2733 | D:3      | Reached skill level 5 in Fighting
  3381 | D:4      | Reached XP level 6. HP: 47/56 MP: 5/5
  3572 | D:4      | Noticed Sigmund
  3582 | D:4      | Killed Sigmund
  3910 | D:5      | Entered Level 5 of the Dungeon
  3910 | D:5      | Found Nuryack's Armour Shoppe.
  3920 | D:5      | Reached skill level 5 in Armour
  3920 | D:5      | Reached XP level 7. HP: 62/62 MP: 6/6
  4019 | D:5      | Noticed a wraith
  4024 | D:5      | Killed a wraith
  4025 | D:5      | Reached skill level 5 in Dodging
  4233 | D:5      | Reached XP level 8. HP: 71/71 MP: 7/7
  4576 | D:5      | Found a staircase to the Ecumenical Temple.
  4972 | Temple   | Entered the Ecumenical Temple
  5060 | D:6      | Identified the +3 ring mail of Siacorie {Rampage rF-
                  | Will+++}
  5678 | D:6      | Reached *** piety under Trog
  6325 | D:6      | Noticed Blork the orc
  6333 | D:6      | Killed Blork the orc
  6476 | D:6      | Reached XP level 9. HP: 81/81 MP: 8/8
  6529 | D:6      | Noticed Menkaure
  6536 | D:6      | Killed Menkaure
  7021 | D:7      | Found Biby's Elemental Accessories.
  8323 | D:8      | Noticed a troll
  8328 | D:8      | Killed a troll
  8368 | D:8      | Reached **** piety under Trog
  8448 | D:8      | Reached XP level 10. HP: 91/91 MP: 9/9
  9020 | D:9      | HP: 4/92 [poisoned by a gnoll sergeant]
  9025 | D:9      | HP: 3/92 [poisoned by a gnoll sergeant]
  9322 | D:9      | Noticed a two-headed ogre
  9332 | D:9      | Killed a two-headed ogre
  9333 | D:9      | Reached skill level 10 in Fighting
  9333 | D:9      | Reached skill level 10 in Axes
  9527 | D:9      | Found Jeloizum's Assorted Antiques.
  9589 | D:9      | Found a staircase to the Lair.
  9602 | D:9      | Reached skill level 10 in Armour
 10133 | D:9      | Found a shimmering altar of Xom.
 10205 | D:10     | Entered Level 10 of the Dungeon
 10266 | D:10     | Reached skill level 1 in Shields
 10573 | D:10     | Reached ***** piety under Trog
 10574 | D:10     | Reached XP level 11. HP: 82/101 MP: 10/10
 11123 | D:10     | Found Wihucais's Book Boutique.
 11292 | D:10     | Reached skill level 10 in Dodging
 11595 | D:11     | Reached skill level 5 in Shields
 11715 | D:11     | Noticed a spriggan rider
 11717 | D:11     | Found a runed translucent door.
 11718 | D:11     | Noticed fragbeetle's ghost (journeyman HOFi)
 11718 | D:11     | Identified the +4 trident "Taigumahi" {flame, Will+ MP-9
                  | Str+8}
 11782 | D:11     | Noticed a boulder beetle
 11804 | D:11     | Killed a boulder beetle
 12130 | D:11     | Noticed a six-headed hydra
 12143 | D:11     | Killed a six-headed hydra
 12343 | D:11     | Noticed a centaur warrior
 12354 | D:11     | Killed a centaur warrior
 12975 | Lair:1   | Entered Level 1 of the Lair of Beasts
 13107 | Lair:1   | Reached XP level 12. HP: 100/112 MP: 11/11
 13386 | Lair:1   | Noticed a four-headed hydra
 13392 | Lair:1   | Killed a four-headed hydra
 13933 | Lair:1   | You fall into a shaft and drop 1 floor!
 14750 | Lair:2   | Found a staircase to the Shoals.
 15789 | Lair:2   | Found a runed translucent gate.
 15790 | Lair:2   | Found a runed translucent gate.
 15791 | Lair:2   | Found a runed translucent gate.
 15792 | Lair:2   | Noticed hito's ghost (journeyman DsGl)
 15793 | Lair:2   | Noticed Jase's ghost (journeyman DjGl)
 15793 | Lair:2   | Noticed Clumpoid's ghost (journeyman GnFi)
 16310 | Lair:2   | Reached skill level 10 in Shields
 17828 | Lair:4   | Reached XP level 13. HP: 87/119 MP: 12/12
 18405 | Lair:4   | Found a staircase to the Snake Pit.
 18406 | Lair:4   | Noticed Rupert
 18429 | Lair:4   | Killed Rupert
 20021 | Lair:5   | Found a staircase to the Slime Pits.
 20093 | Lair:5   | Noticed Nessos
 20156 | Lair:5   | Noticed Sonja
 20159 | Lair:5   | Killed Sonja
 20269 | Lair:5   | Gained mutation: Your body sometimes deteriorates upon
                  | taking damage. [potion of mutation]
 20269 | Lair:5   | Gained mutation: You tend to lose your temper in combat.
                  | [potion of mutation]
 20269 | Lair:5   | HP: 1/122 [Nessos/arrow (6)]
 20269 | Lair:5   | Shot with an arrow by Nessos

Illustrated notes

Levels and vault maps discovered:
D:1:      minmay_arrival_doors, layout_basic, serial_shops,
          nicolae_lakefront_shop, basic_ecumenical_altar, minmay_parallelograms,
          minmay_tetromino_t4
D:2:      layout_basic, uniq_terence, uniq_robin
D:3:      layout_rooms, small_statue_intersection
D:4:      layout_basic, minmay_fountain_box, uniq_sigmund
D:5:      layout_loops_ring, minmay_temple_entry_junction, serial_shops,
          nicolae_shop_advertising_works [nicolae_subvault_shop_adworks],
          hellmonk_bongcloud_opening, hangedman_abyss_or_decor_lesser_grid,
          moated_statue, kennysheep_generic_room_12
D:6:      layout_loops_corners, serial_bayou, serial_bayou_pond_b,
          serial_bayou_shore_a, serial_bayou_lake_a, serial_bayou_lagoon_a,
          lightli_sewer_entry_pipes, chequers_serial_rivers_room_a,
          uniq_blork_the_orc, uniq_menkaure
D:7:      layout_basic, nicolae_elemental_shop, due_unseen_surprise
D:8:      layout_gridville, serial_undead, serial_undead_c, serial_undead_a,
          serial_undead_a, serial_undead_e, serial_undead_f, serial_undead_f,
          serial_undead_a, serial_undead_b
D:9:      layout_cave_pools, mainiacjoe_overflow_alcove_2,
          erik_lair_orcish_takeover, serial_gnoll_camp, gnoll_camp_huts_basic,
          gnoll_camp_mini_hut, gnoll_camp_mini_sergeant, gnoll_camp_mini_shop,
          kennysheep_generic_room_14
D:10:     layout_loops_ring, minmay_shop_grid_forest
D:11:     layout_loops_ring, ebering_ghost_funeral_grove
D:12:     layout_roguey, minivault_7, uniq_urug
Temple:   mainiacjoe_temple_hex_bubbles
Lair:1:   layout_regular_city, lemuel_fruit_fields
Lair:2:   layout_cave_shapes, minmay_shoals_entry_lonely_mermaid,
          gammafunk_ghost_cemetery, infiniplex_staircase_pool
Lair:3:   layout_cellular_growth, grunt_megastairs_5
Lair:4:   layout_regular_city, minmay_snake_entry_six_corridors,
          kennysheep_basilisk_garden, lemuel_fruit_tree,
          infiniplex_staircase_pool_2, uniq_rupert
Lair:5:   layout_roguey, slime_dummy, nicolae_volcano_entry_two_sided,
          uniq_sonja, uniq_nessos

Skill      XL: |  1  2  3  4  5  6  7  8  9 10 11 12 13 |
---------------+----------------------------------------+-----
Fighting       | 4 5 6 8 9 10 11 12 13 | 13.4
Axes           | 4 5 6 8 9 10 11 12 13 | 13.3
Armour         | 3 4 5 7 9 10 11 12 13 | 13.1
Dodging        | 3 4 5 6 8 9 10 11 12 | 12.1
Shields        | 1 7 10 11 | 11.9

Action                   |  1- 3 |  4- 6 |  7- 9 | 10-12 | 13-15 || total
-------------------------+-------+-------+-------+-------+-------++-------
Melee: Hand axe          |    64 |    71 |       |       |       ||   135
       Headbutt          |     8 |    13 |    43 |   142 |    39 ||   245
       Punch             |       |     1 |     2 |       |       ||     3
       War axe           |       |     8 |   163 |   453 |   184 ||   808
       Battleaxe         |       |       |    66 |   136 |       ||   202
Throw: Dart              |       |       |       |     1 |     1 ||     2
Invok: Berserk           |     1 |     3 |     8 |    22 |     8 ||    42
       Trog's Hand       |       |       |       |     4 |     1 ||     5
       Brothers in Arms  |       |       |       |     3 |     2 ||     5
Evoke: Wand              |       |       |       |     6 |     2 ||     8
  Use: Potion            |       |       |       |     1 |     1 ||     2
 Stab: Petrified         |       |       |       |       |     2 ||     2
Armor: Plate armour      |    26 |    47 |    75 |       |       ||   148
       Crystal plate arm |       |       |   114 |   423 |   123 ||   660
Dodge: Dodged            |    34 |    33 |    99 |   185 |    52 ||   403
Block: Kite shield       |       |       |       |   195 |   102 ||   297
